 Dungeon Crawl Stone Soup version 0.24-a0-350-g5b3daab (webtiles) character file.

Game seed: 9734584303579145792

222120 robertstho the Executioner (level 18, 0/171 HPs)
             Began as a Minotaur Berserker on May 19, 2019.
             Was the Champion of Trog.
             Killed from afar by a deep elf high priest (31 damage)
             ... with damnation
             ... on level 3 of the Elven Halls on May 23, 2019.
             The game lasted 01:49:49 (27139 turns).

robertstho the Executioner (Minotaur Berserker)    Turns: 27139, Time: 01:49:50

Health: 0/171      AC: 25    Str: 30    XL:     18   Next: 52%
Magic:  17/17      EV: 15    Int:  5    God:    Trog [******]
Gold:   2085       SH: 32    Dex: 21    Spells: 17/17 levels left

rFire    + . .     SeeInvis .   H - +9 broad axe "Tawkaopn" {freeze, Dex+4}
rCold    + . .     Gourm    .   z - +7 large shield of Roap Veu {rC+ MR+++ Int-4 Dex+4}
rNeg     + . .     Faith    .   E - +2 plate armour {rPois}
rPois    +         Spirit   .   (helmet restricted)
rElec    +         Reflect  .   u - +2 cloak
rCorr    .         Harm     .   m - +1 pair of gloves of the Monk {rN+ Int+2 Dex+4}
MR       +++++                  f - +0 pair of boots {run}
Stlth    ..........             o - amulet "Kaorrod" {rF+ MR+ Regen+ Dex+2}
HPRegen  0.78/turn              i - ring "Kaodesid" {+Blink rElec rPois Int+3 Dex-3}
MPRegen  0.15/turn              G - ring of protection from magic

@: berserk cooldown, starving, slowed, very slow
A: retaliatory headbutt, horns 2
}: 1/15 runes: decaying
a: Berserk, Trog's Hand, Brothers in Arms, Renounce Religion, Evoke Blink


You were on level 3 of the Elven Halls.
You worshipped Trog.
Trog was exalted by your worship.
You were starving.

You visited 6 branches of the dungeon, and saw 31 of its levels.
You visited 1 bazaar.
You also visited: Bailey, Volcano and Desolation.

You collected 2907 gold pieces.
You spent 822 gold pieces at shops.

Inventory:

Hand Weapons
 g - a +3 broad axe of flaming
 D - a +8 antimagic broad axe
 H - the +9 broad axe "Tawkaopn" (weapon) {freeze, Dex+4}
   (You found it on level 2 of the Swamp)

   It has been specially enchanted to freeze those struck by it, causing extra
   injury to most foes and up to half again as much damage against particularly
   susceptible opponents.
   It can also slow down cold-blooded creatures.
   It affects your dexterity (+4).
 J - the +14 obsidian axe {chop, +Fly SInv *Curse}
   (Trog gifted it to you on level 1 of the Swamp)

   It inflicts extra damage upon your enemies.
   It lets you see invisible.
   It lets you fly.
   It curses itself when equipped.
Missiles
 Q - 12 curare-tipped darts (quivered)
Armour
 f - a +0 pair of boots of running (worn)
 m - the +1 pair of gloves of the Monk (worn) {rN+ Int+2 Dex+4}
   (You bought it in a shop on level 1 of the Elven Halls)

   It affects your intelligence (+2).
   It affects your dexterity (+4).
   It protects you from negative energy.
 q - a +0 plate armour of fire resistance
 u - a +2 cloak (worn)
 y - the +0 ring mail "Galanas" {*Drain rElec rN+++ Dex+5}
   (You found it on level 7 of the Dungeon)

   It affects your dexterity (+5).
   It insulates you from electricity.
   It renders you almost immune to negative energy.
   It causes draining when unequipped.
 z - the +7 large shield of Roap Veu (worn) {rC+ MR+++ Int-4 Dex+4}
   (You took it off Louise on level 1 of the Swamp)

   It affects your intelligence (-4).
   It affects your dexterity (+4).
   It protects you from cold.
   It affects your resistance to hostile enchantments.
 E - a +2 plate armour of poison resistance (worn)
Jewellery
 a - an uncursed ring of protection from cold
 e - an uncursed ring of protection from cold
 i - the ring "Kaodesid" (left hand) {+Blink rElec rPois Int+3 Dex-3}
   (You found it in the Desolation of Salt)

   [ring of intelligence]

   It affects your intelligence (+3).
   It affects your dexterity (-3).
   It insulates you from electricity.
   It protects you from poison.
   It lets you blink.
 o - the amulet "Kaorrod" (around neck) {rF+ MR+ Regen+ Dex+2}
   (You acquired it on level 1 of the Lair of Beasts)

   [amulet of regeneration]

   It affects your dexterity (+2).
   It protects you from fire.
   It affects your resistance to hostile enchantments.
   It increases your rate of regeneration.
 r - the ring "Qoyfeev" {rN++ rCorr Str+4 Dex-3}
   (You found it on level 9 of the Dungeon)

   [ring of resist corrosion]

   It affects your strength (+4).
   It affects your dexterity (-3).
   It greatly protects you from negative energy.
   It provides partial protection from all sources of acid and corrosion.
 t - an uncursed ring of protection from fire
 B - the ring "Mufu Boch" {Ice Str-3 Dex+5 Slay+3 Stlth+}
   (You found it in the Desolation of Salt)

   [ring of ice]

   It enhances your ice magic.
   It affects your strength (-3).
   It affects your dexterity (+5).
   It affects your accuracy and damage with ranged weapons and melee attacks
   (+3).
   It makes you vulnerable to fire.
   It protects you from cold.
   It makes you more stealthy.
 C - an uncursed ring of protection from magic
 F - an uncursed ring of protection from cold
 G - a ring of protection from magic (right hand)
 K - an uncursed ring of resist corrosion
 N - an uncursed ring of see invisible
 W - a +5 ring of evasion
Wands
 b - a wand of scattershot (6)
 h - a wand of clouds (5)
 s - a wand of digging (5)
 R - a wand of disintegration (17)
 T - a wand of acid (15)
 U - a wand of iceblast (26)
Scrolls
 d - 12 scrolls of teleportation
 j - 18 scrolls of remove curse
 l - 6 scrolls of fear
 n - 5 scrolls of immolation
 p - 9 scrolls of blinking
 v - 3 scrolls of magic mapping
 I - 9 scrolls of identify
 L - 3 scrolls of fog
 Z - 5 scrolls of holy word
Potions
 k - 8 potions of curing
 A - 4 potions of resistance
 M - a potion of might
 O - 2 potions of ambrosia
 P - a potion of invisibility
 S - 7 potions of agility
 V - 2 potions of heal wounds
 X - 5 potions of haste
 Y - 2 potions of flight
Miscellaneous
 x - a lightning rod (4/4)
Comestibles
 c - 46 rations


   Skills:
 + Level 17.9 Fighting
 + Level 21.4 Axes
   Level 3.4(3.5) Slings
 + Level 1.2(2.3) Throwing
 + Level 12.3 Armour
 + Level 10.0 Dodging
 + Level 5.6 Stealth
 + Level 20.4 Shields


You had 17 spell levels left.
You didn't know any spells.
Your spell library was empty.

Dungeon Overview and Level Annotations

Branches:
Dungeon (14/15)            Temple (0/1) D:4            Lair (6/6) D:8
  Swamp (4/4) Lair:2        Snake (2/4) Lair:3        Slime (0/5) Lair:5
    Orc (2/2) D:12            Elf (3/3) Orc:2        Vaults (0/5) D:14

Altars:
Ashenzari
Gozag
Makhleb
Okawaru
Ru
Sif Muna
Trog
Wu Jian
Xom
Zin

Shops:
D:4 (   D:13 *   Orc:2 [?}*   Elf:1 [[(

Portals:
Pandemonium: Orc:2

Annotations:
D:4 1 runed translucent door, Sacrath's ghost, amateur DsIE
Snake:2 Vashnia


Innate Abilities, Weirdness & Mutations

You reflexively headbutt those who attack you in melee.
You have a pair of horns on your head.


Message History

You hit the large abomination. You freeze the large abomination.
The large abomination is lightly damaged.
The deep elf annihilator seems less brilliant.
Unknown command.
You are no longer corroded.
Things that are here:
a +0 long sword; an elf corpse You feel a strong urge to attack something.
You are no longer berserk.
You are exhausted.
You feel yourself slow down.
The deep elf high priest utters an invocation to its god.
The corpse begins to drag itself along the ground!
You hear a shout!
A crawling corpse comes into view.
Your stone giant goes berserk!
You are starving!
The deep elf high priest calls down the wrath of its god upon you.
The sphere of damnation explodes!
The damnation engulfs you!!
You die...

.... #..... e.. ###....
##.## #...... #.e.# ####...
#...# ##.# #e))# #.#
###(##### #.# #.#)(.#.# #+#
#.# # #..x)XC@####.#### #.#
#.#####))###.......# #.#
#...)))).###.##.##.# #.#
#####)....##.#...#.######.#
#.....................#
#.....##.....#.########
##...###.......# #####
####.#### #.#


You could see a deep elf high priest, a large abomination, a crawling corpse and
a friendly stone giant (berserk).

Vanquished Creatures
  3 deep elf master archers (Elf:3)
  A deep elf blademaster (Elf:3)
  3 thorn hunters
  Donald (Swamp:3)
  Roxanne (Snake:1)
  Louise (Swamp:1)
  4 imperial myrmidons (Desolation)
  A deep elf sorcerer (Elf:3)
  A deep elf elementalist (Elf:3)
  Aizul (Swamp:4)
  6 deep elf demonologists (Elf:3)
  3 deep elf annihilators (Elf:3)
  3 dire elephants (Lair:6)
  2 halazid warlocks (Desolation)
  2 ragged hierophants (Desolation)
  6 deep elf death magi
  4 deep elf high priests (Elf:3)
  9 servants of whispers (Desolation)
  Harold (D:10)
  3 ghost crabs
  A vault guard (D:14)
  2 naga warriors (Snake:1)
  20 hydras
  An anaconda (Lair:6)
  3 peacekeepers (Desolation)
  A catoblepas (Lair:2)
  7 two-headed ogres
  3 centaur warriors
  2 shambling mangroves
  10 alligators
  An ogre mage (Volcano)
  4 death yaks (Lair:5)
  A tengu warrior (D:14)
  22 dancing weapons
  5 orc high priests (Orc:2)
  6 shock serpents (Snake:1)
  5 spriggans
  A hell knight (Volcano)
  14 deep elf knights
  4 naga sharpshooters (Snake:2)
  A small abomination (Elf:3)
  11 swamp dragons
  8 deep elf archers
  2 ironbrand convokers (Desolation)
  2 oklob plants
  2 mana vipers (Snake:1)
  46 deep elf magi
  4 necromancers
  4 orc sorcerers (Orc:2)
  7 orc knights
  A cyclops (D:12)
  2 manticores
  13 elephants
  3 salamanders
  2 guardian serpents (Snake:1)
  9 black mambas
  3 large abominations (Elf:1)
  Joseph (D:7)
  3 molten gargoyles
  Psyche (D:10)
  12 spiny frogs
  A naga mage (Snake:2)
  4 rime drakes
  A kobold demonologist (D:14)
  6 komodo dragons
  8 trolls
  An ice devil (Orc:2)
  4 tyrant leeches
  25 saltlings (Desolation)
  8 hornets
  4 bog bodies
  13 blink frogs
  10 hippogriffs
  6 slime creatures
  2 air elementals
  3 shadows
  A vampire (D:14)
  3 wyverns
  3 water elementals
  36 yaks
  6 basilisks
  2 fire bats (Volcano)
  3 steam dragons
  5 hungry ghosts
  A neqoxec (Orc:2)
  2 fire elementals (Elf:3)
  29 vampire mosquitoes
  3 wargs
  A harpy simulacrum (D:14)
  7 nagas
  2 soldier ants
  20 swamp worms
  12 water moccasins
  An acid dragon (D:12)
  Duvessa (D:7)
  7 porcupines
  2 hell hounds (Lair:2)
  33 orc warriors
  2 sky beasts
  2 ice beasts
  14 swamp drakes
  3 black bears
  4 phantoms
  3 eyes of draining
  9 ogres
  A necrophage (D:14)
  5 wolves (Lair:5)
  9 crocodiles
  19 centaurs
  4 big kobolds
  4 elf zombies (Elf:1)
  12 bullfrogs
  Blork the orc (D:5)
  2 earth elementals
  A water moccasin zombie (D:7)
  Dowan (D:7)
  3 wyvern skeletons
  6 scorpions
  4 killer bees (D:13)
  A swamp dragon simulacrum (Swamp:4)
  4 wights (D:8)
  An electric eel (D:7)
  2 centaur zombies
  2 howler monkeys (D:10)
  9 jellies
  3 lava snakes (Volcano)
  5 crimson imps
  A bullfrog zombie (D:13)
  6 centaur skeletons
  8 hounds
  25 orc priests
  Crazy Yiuf (D:3)
  4 bullfrog skeletons
  3 iguanas
  Ijyb (D:5)
  26 orc wizards
  3 hell rats (Lair:1)
  7 worker ants
  A killer bee zombie (D:6)
  A crocodile zombie (Swamp:4)
  A hound zombie (D:5)
  4 gnolls (D:4)
  12 adders
  10 river rats (Lair:1)
  3 shadow imps
  An ooze (Lair:5)
  An adder skeleton (D:7)
  2 adder zombies
  A worm (D:2)
  2 dart slugs
  7 leopard geckos
  91 orcs
  3 giant cockroaches
  7 goblins
  10 hobgoblins
  5 jackals
  3 quokkas
  A ball python (D:1)
  6 bats
  2 frilled lizards
  A jackal zombie (D:8)
  19 kobolds
  A quokka zombie (D:6)
  8 rats
  8 briar patches (Swamp:3)
  4 crawling corpses (Elf:3)
  4 fungi
  8 plants
1030 creatures vanquished.

Vanquished Creatures (collateral kills)
  2 deep elf sorcerers (Elf:3)
  An imperial myrmidon (Desolation)
  3 dire elephants (Lair:6)
  A deep elf death mage (Elf:3)
  A deep elf high priest (Elf:3)
  2 ragged hierophants (Desolation)
  A servant of whispers (Desolation)
  2 hydras (Swamp:4)
  An orc high priest (Orc:2)
  An infernal demonspawn (Orc:2)
  A swamp dragon (Swamp:4)
  2 ugly things (D:13)
  A wolf spider zombie (D:14)
  A cyclops (D:12)
  An orc sorcerer (Orc:2)
  A centaur zombie (D:14)
  A komodo dragon (shapeshifter) (D:14)
  An efreet (D:14)
  10 slime creatures
  A saltling (Desolation)
  An orc warrior (D:13)
  An ogre (D:13)
  2 orc wizards (D:13)
  A crawling corpse (Elf:3)
  A plant (D:14)
41 creatures vanquished.

Vanquished Creatures (others)
  A manticore (D:14)
  A saltling (Desolation)
  A tyrant leech (Swamp:1)
  A swamp drake (Swamp:2)
  A wight (D:14)
  5 plants
10 creatures vanquished.

Grand Total: 1081 creatures vanquished

Notes
Turn   | Place    | Note
-------+----------+-------------------------------------------
     0 | D:1      | robertstho the Minotaur Berserker began the quest for the
                  | Orb.
     0 | D:1      | Reached XP level 1. HP: 19/19 MP: 0/0
    92 | D:2      | Reached skill level 4 in Axes
    92 | D:2      | Reached XP level 2. HP: 16/27 MP: 1/1
   148 | D:1      | HP: 2/40 [rat (1)]
   619 | D:1      | Reached XP level 3. HP: 33/33 MP: 2/2
   893 | D:2      | Reached ** piety under Trog
   975 | D:2      | Found an opulent altar of Gozag.
  1098 | D:2      | Found an ornate altar of the Wu Jian Council.
  1265 | D:2      | Reached XP level 4. HP: 15/41 MP: 3/3
  1689 | D:3      | Reached skill level 5 in Axes
  1739 | D:3      | Reached skill level 5 in Fighting
  1739 | D:3      | Reached XP level 5. HP: 22/48 MP: 4/4
  1828 | D:3      | Found a runed translucent door.
  1829 | D:3      | Noticed Crazy Yiuf
  1835 | D:3      | Killed Crazy Yiuf
  2138 | D:3      | Found a sacrificial altar of Ru.
  2254 | D:4      | Found Madeimut's Antique Weapon Emporium.
  2449 | D:4      | Found a runed translucent door.
  2449 | D:4      | Noticed Sacrath's ghost (amateur DsIE)
  2449 | D:4      | Noticed an orc warrior
  2478 | D:4      | Reached XP level 6. HP: 56/56 MP: 5/5
  2536 | D:4      | Reached skill level 1 in Shields
  2566 | D:4      | Found a staircase to the Ecumenical Temple.
  2628 | D:4      | Reached skill level 6 in Axes
  2710 | D:4      | Found a burning altar of Makhleb.
  3114 | D:5      | Entered Level 5 of the Dungeon
  3203 | D:5      | Noticed Ijyb
  3224 | D:5      | Killed Ijyb
  3246 | D:5      | Reached XP level 7. HP: 63/63 MP: 6/6
  3341 | D:5      | Reached skill level 7 in Axes
  3443 | D:5      | Noticed Blork the orc
  3448 | D:5      | Killed Blork the orc
  3578 | D:5      | Reached *** piety under Trog
  3578 | D:5      | Reached skill level 8 in Axes
  3578 | D:5      | Reached XP level 8. HP: 70/70 MP: 7/7
  3979 | D:6      | Reached skill level 1 in Stealth
  4295 | D:7      | Noticed a hippogriff
  4304 | D:7      | Killed a hippogriff
  4304 | D:7      | Reached skill level 9 in Axes
  4304 | D:7      | Reached skill level 5 in Armour
  4304 | D:7      | Reached skill level 5 in Shields
  4350 | D:7      | Found a flagged portal.
  4374 | Bailey   | Entered a bailey
  5110 | D:7      | Noticed Joseph
  5130 | D:7      | Killed Joseph
  5130 | D:7      | Reached XP level 9. HP: 75/78 MP: 8/8
  5147 | D:7      | Found a glowing silver altar of Zin.
  5211 | D:7      | Noticed Duvessa
  5222 | D:7      | Killed Duvessa
  5222 | D:7      | Reached skill level 1 in Slings
  5224 | D:7      | Noticed Dowan
  5227 | D:7      | Killed Dowan
  5317 | D:7      | Got a crude ring mail
  5328 | D:7      | Identified the cursed +0 ring mail "Galanas" {*Drain rElec
                  | rN+++ Dex+5} (You found it on level 7 of the Dungeon)
  5554 | D:7      | Reached **** piety under Trog
  5766 | D:7      | Reached skill level 10 in Axes
  6033 | D:8      | Reached skill level 1 in Throwing
  6311 | D:8      | Found a shimmering altar of Xom.
  6313 | D:8      | Found a bloodstained altar of Trog.
  6385 | D:8      | Found a staircase to the Lair.
  6440 | D:8      | Reached XP level 10. HP: 85/86 MP: 9/9
  6670 | D:9      | Reached skill level 11 in Axes
  6714 | D:9      | Reached skill level 5 in Dodging
  7012 | D:9      | Reached ***** piety under Trog
  7093 | D:9      | Found a faded altar of an unknown god.
  7093 | D:9      | Found a faded altar of an unknown god.
  7098 | D:9      | Found a deep blue altar of Sif Muna.
  7100 | D:9      | Found an opulent altar of Gozag.
  7101 | D:9      | Found a shattered altar of Ashenzari.
  7387 | D:10     | Entered Level 10 of the Dungeon
  7395 | D:10     | Noticed Harold
  7409 | D:10     | Killed Harold
  7461 | D:10     | Received a gift from Trog
  7819 | D:10     | Noticed Psyche
  7829 | D:10     | Killed Psyche
  7990 | D:10     | Reached skill level 12 in Axes
  8035 | D:10     | Reached skill level 10 in Shields
  8128 | D:11     | Reached XP level 11. HP: 97/97 MP: 10/10
  8252 | D:11     | Noticed a centaur warrior
  8264 | D:11     | Killed a centaur warrior
  8277 | D:11     | Received a gift from Trog
  8685 | D:12     | Noticed a two-headed ogre
  8690 | D:12     | Killed a two-headed ogre
  8892 | D:12     | Reached skill level 13 in Axes
  9143 | D:12     | Found a staircase to the Orcish Mines.
  9498 | D:12     | Noticed a centaur warrior
  9513 | D:12     | Killed a centaur warrior
  9513 | D:12     | Reached skill level 10 in Fighting
  9934 | D:13     | Found Juiczywu's Assorted Antiques.
  9941 | D:13     | Bought a scroll labeled BOWKIX ANIGUF for 27 gold pieces
  9941 | D:13     | Bought a scroll of identify for 54 gold pieces
  9961 | D:13     | Noticed a two-headed ogre
  9972 | D:13     | Killed a two-headed ogre
  9972 | D:13     | Reached XP level 12. HP: 67/106 MP: 11/11
 10027 | D:13     | Reached skill level 14 in Axes
 10032 | D:13     | Received a gift from Trog
 10057 | D:13     | Noticed a centaur warrior
 10076 | D:13     | Killed a centaur warrior
 10093 | D:13     | Received a gift from Trog
 10338 | D:13     | Noticed a two-headed ogre
 10347 | D:13     | Killed a two-headed ogre
 10771 | D:14     | Received a gift from Trog
 10867 | D:14     | Reached skill level 15 in Axes
 11313 | D:14     | Noticed a tengu warrior
 11325 | D:14     | Killed a tengu warrior
 11343 | D:14     | Noticed a vault guard
 11348 | D:14     | Killed a vault guard
 11371 | D:14     | Found a gate to the Vaults.
 11373 | D:14     | Reached XP level 13. HP: 52/116 MP: 12/12
 11779 | Lair:1   | Entered Level 1 of the Lair of Beasts
 11991 | Lair:1   | Reached skill level 16 in Axes
 12248 | Lair:1   | Identified a scroll of acquirement
 12259 | Lair:1   | Got a wavering ruby amulet
 12260 | Lair:1   | Identified the amulet "Kaorrod" {rF+ MR+ Regen+ Dex+2} (You
                  | acquired it on level 1 of the Lair of Beasts)
 12878 | Lair:2   | Found a staircase to the Swamp.
 13500 | Lair:2   | Reached skill level 17 in Axes
 13567 | Lair:2   | Found a dark tunnel.
 13574 | Volcano  | Entered a volcano
 13694 | Volcano  | Received a gift from Trog
 14031 | Volcano  | Found a radiant altar of Vehumet.
 14470 | Lair:3   | Reached XP level 14. HP: 127/127 MP: 13/13
 14916 | Lair:3   | Found a staircase to the Snake Pit.
 14926 | Lair:3   | Got a bloodstained hunting sling
 14927 | Lair:3   | Identified the cursed +1 hunting sling of Floods {speed,
                  | +Fly rF- MR+ SInv} (You found it on level 3 of the Lair of
                  | Beasts)
 16105 | Lair:5   | Reached ****** piety under Trog
 16225 | Lair:5   | Received a gift from Trog
 16282 | Lair:5   | Found a staircase to the Slime Pits.
 16641 | Lair:6   | Entered Level 6 of the Lair of Beasts
 16720 | Lair:6   | Reached skill level 18 in Axes
 17382 | Lair:6   | Reached skill level 15 in Shields
 17672 | Lair:6   | Upgraded the game from 0.24-a0-335-g06ca16a to
                  | 0.24-a0-350-g5b3daab
 17911 | Orc:1    | Entered Level 1 of the Orcish Mines
 18073 | Orc:2    | Entered Level 2 of the Orcish Mines
 18227 | Orc:2    | Found Fipoatarr's Magic Scroll Boutique.
 18304 | Orc:2    | Found Evag's General Store.
 18313 | Orc:2    | Received a gift from Trog
 18552 | Orc:2    | Bought a scroll of identify for 30 gold pieces
 18552 | Orc:2    | Bought a scroll of identify for 30 gold pieces
 18552 | Orc:2    | Bought a scroll of identify for 30 gold pieces
 18552 | Orc:2    | Bought a scroll of identify for 30 gold pieces
 18552 | Orc:2    | Bought a scroll of identify for 30 gold pieces
 18552 | Orc:2    | Bought a scroll of blinking for 112 gold pieces
 18552 | Orc:2    | Bought a scroll of blinking for 112 gold pieces
 18554 | Orc:2    | Bought a scroll of vulnerability for 120 gold pieces
 18605 | Orc:2    | Reached XP level 15. HP: 88/137 MP: 4/14
 18803 | Orc:2    | Found Rekkepad's Gadget Emporium.
 18803 | Orc:2    | Found Seanir's Antique Armour Shoppe.
 18803 | Orc:2    | Found a one-way gate leading to the halls of Pandemonium.
 18977 | Orc:2    | Found an iron altar of Okawaru.
 19115 | Orc:2    | Found a staircase to the Elven Halls.
 19660 | D:9      | Got a brightly glowing copper ring
 19680 | D:9      | Identified the ring "Qoyfeev" {rN++ rCorr Str+4 Dex-3} (You
                  | found it on level 9 of the Dungeon)
 19783 | Swamp:1  | Entered Level 1 of the Swamp
 19783 | Swamp:1  | Identified the +7 large shield of Roap Veu {rC+ MR+++ Int-4
                  | Dex+4}
 19783 | Swamp:1  | Noticed Louise
 19822 | Swamp:1  | Killed Louise
 19899 | Swamp:1  | Received a gift from Trog
 19900 | Swamp:1  | Found the +14 obsidian axe {chop, +Fly SInv *Curse}
 20364 | Swamp:1  | Reached skill level 19 in Axes
 20680 | Swamp:2  | Reached skill level 10 in Armour
 20916 | Swamp:2  | Identified the +9 broad axe "Tawkaopn" {freeze, Dex+4} (You
                  | found it on level 2 of the Swamp)
 21457 | Swamp:3  | Noticed a thorn hunter
 21469 | Swamp:3  | Killed a thorn hunter
 21662 | Swamp:3  | Noticed Donald
 21683 | Swamp:3  | Killed Donald
 22103 | Swamp:4  | Entered Level 4 of the Swamp
 22211 | Swamp:4  | Reached XP level 16. HP: 127/147 MP: 15/15
 22227 | Swamp:4  | Reached skill level 15 in Fighting
 22227 | Swamp:4  | Noticed a thorn hunter
 22236 | Swamp:4  | Received a gift from Trog
 22362 | Swamp:4  | Noticed a thorn hunter
 22372 | Swamp:4  | Killed a thorn hunter
 22374 | Swamp:4  | Noticed Aizul
 22399 | Swamp:4  | Killed Aizul
 22560 | Swamp:4  | Killed a thorn hunter
 22573 | Swamp:4  | Got a decaying rune of Zot
 22984 | Snake:1  | Entered Level 1 of the Snake Pit
 23290 | Snake:1  | Noticed Roxanne
 23315 | Snake:1  | Killed Roxanne
 23692 | Snake:2  | Noticed Vashnia
 23975 | Elf:1    | Entered Level 1 of the Elven Halls
 24000 | Elf:1    | Received a gift from Trog
 24012 | Elf:1    | Found Uqihohea's Antique Weapon Shop.
 24055 | Elf:1    | Found a flickering gateway to a bazaar.
 24058 | Elf:1    | Found Xoschegatz's Antique Armour Emporium.
 24076 | Bazaar   | Entered a bazaar
 24078 | Bazaar   | Found Xecs's Gadget Emporium.
 24124 | Bazaar   | Found Serch's Jewellery Shoppe.
 24159 | Bazaar   | Found Ahitym's Food Shoppe.
 24180 | Bazaar   | Found Ceodeh's Weapon Shop.
 24231 | Elf:1    | Found a ruined gateway.
 24237 | Desolati | Entered the Desolation of Salt
 24279 | Desolati | Reached skill level 20 in Axes
 24279 | Desolati | Reached XP level 17. HP: 127/158 MP: 16/16
 24308 | Desolati | Got a glittering jade ring
 24310 | Desolati | Identified the ring "Mufu Boch" {Ice Str-3 Dex+5 Slay+3
                  | Stlth+} (You found it in the Desolation of Salt)
 24313 | Desolati | Identified a +0 pair of boots of running (You found it in
                  | the Desolation of Salt)
 24589 | Desolati | Reached skill level 5 in Stealth
 24589 | Desolati | Received a gift from Trog
 24697 | Desolati | Identified the amulet "Inwosocs" {RegenMP rC+} (You found
                  | it in the Desolation of Salt)
 24811 | Desolati | Got a fine ivory ring
 24813 | Desolati | Identified the ring "Kaodesid" {+Blink rElec rPois Int+3
                  | Dex-3} (You found it in the Desolation of Salt)
 25066 | Elf:1    | Bought a pair of distressingly furry gloves for 247 gold
                  | pieces
 25071 | Elf:1    | Identified the +1 pair of gloves of the Monk {rN+ Int+2
                  | Dex+4} (You bought it in a shop on level 1 of the Elven
                  | Halls)
 25084 | Elf:1    | Found Ypoim's Armour Shop.
 25495 | Elf:1    | Reached skill level 10 in Dodging
 25866 | Elf:2    | Received a gift from Trog
 26204 | Elf:2    | Found a huge runed translucent gate.
 26204 | Elf:2    | Found a huge runed translucent gate.
 26206 | Elf:2    | Found a huge runed translucent gate.
 26207 | Elf:2    | Found a huge runed translucent gate.
 26214 | Elf:2    | Found a huge runed translucent gate.
 26323 | Elf:2    | Reached XP level 18. HP: 153/170 MP: 17/17
 26492 | Elf:2    | Reached skill level 21 in Axes
 26636 | Elf:3    | Entered Level 3 of the Elven Halls
 27062 | Elf:3    | Noticed an Ice Fiend
 27075 | Elf:3    | Received a gift from Trog
 27102 | Elf:3    | Noticed a Tzitzimitl
 27139 | Elf:3    | Killed from afar by a deep elf high priest

Levels and vault maps discovered:
D:1:      lemuel_arrival_lava_pool, layout_rooms
D:2:      layout_loops_ring, lemuel_round_altar,
          nicolae_gozag_cash_rules_everything_around_me
D:3:      layout_loops_ring, nicolae_ru_path_of_blood, serial_glass,
          glass_columns_c, glass_columns_a, uniq_crazy_yiuf_cottage
D:4:      layout_gridville, bloody_makhleb, temple_green, serial_shops,
          nicolae_shop_statue_plus, ebering_ghost_inner_flame
D:5:      layout_cave_pods, first_ration, minmay_misc_feat_x,
          uniq_blork_the_orc, uniq_ijyb
D:6:      layout_rooms
D:7:      layout_loops_cross, zin_statuary, enter_bailey_3, lightli_minifort,
          uniq_joseph, uniq_duvessa
D:8:      layout_rooms, minitemple, lair_entry_dummy
D:9:      minmay_weird_star, layout_irregular_city,
          chequers_temple_overflow_minitemple, blue_anna_alchemist
          [blue_anna_fruit_fields, blue_anna_fruit_fields]
D:10:     layout_roguey, uniq_harold, uniq_psyche
D:11:     layout_small_grid
D:12:     layout_roguey, david_orc_1_choice
D:13:     layout_basic, serial_shops, shop, gauntlet_entry_generic,
          grunt_ministairs_12
D:14:     layout_small_grid, david_vaults_5, serial_bayou_ford_a,
          wad_floor_pattern_untrapped, bh_chokoban
Lair:1:   layout_long_grid, minivault_26, kennysheep_abandoned_house,
          minmay_lair_oklob_chamber
Lair:2:   layout_concentric_octagons, minmay_swamp_entry_reptiles,
          enter_volcano_3, ldierk_geyser, minmay_shattered_shrine,
          lemuel_fruit_tree
Lair:3:   layout_cave_pods, guppyfry_snake_entry_island
Lair:4:   layout_gridlike, serial_bayou_shore_a
Lair:5:   layout_roguey, minmay_slime_entry_jelly_boxes
Lair:6:   due_jungle_book, layout_small_grid
Swamp:1:  layout_basic_swamp, infiniplex_staircase_pool, uniq_louise
Swamp:2:  layout_basic_swamp, evilmike_swamp_ruin_house_2
Swamp:3:  layout_basic_swamp, hangedman_swamp_ruin_hall, uniq_donald
Swamp:4:  swamp, layout_basic_swamp, swamp_pool3, nicolae_swamp_necromancer_hut,
          uniq_aizul
Snake:1:  layout_misc_corridors, uniq_roxanne
Snake:2:  layout_misc_corridors, grunt_ministairs_6, guppyfry_library_mini,
          minmay_shop_grove, uniq_vashnia
Orc:1:    layout_caves
Orc:2:    pf_orc_diabolical, layout_diamond_mine, okawaru_metal_pillars_3
Elf:1:    minmay_elf_arrival_plus, layout_loops_ring,
          portal_desolation_entry_ruin, serial_shops, bzr_in_the_mist, shop,
          shop, shop, hangedman_corner_corridor, minmay_elf_necromancy
Elf:2:    layout_geoelf_diagonals
Elf:3:    minmay_elf_hall_not_hex, layout_loops_corners, laboratory

Skill      XL: |  1  2  3  4  5  6  7  8  9 10 11 12 13 14 15 16 17 18 |
---------------+-------------------------------------------------------+-----
Fighting       | 4 5 6 7 9 10 11 12 13 14 16 17 | 17.9
Axes           | 4 5 6 8 9 10 12 13 15 17 18 19 20 21 | 21.4
Dodging        | 3 4 5 6 7 8 9 10 | 10.0
Armour         | 3 4 5 6 7 8 9 10 11 12 | 12.3
Shields        | 2 3 6 8 10 11 12 14 15 17 18 19 20 | 20.4
Stealth        | 1 2 3 4 5 |  5.6
Slings         | 3 |  3.4
Throwing       | 1 |  1.2

Action                   |  1- 3 |  4- 6 |  7- 9 | 10-12 | 13-15 | 16-18 || total
-------------------------+-------+-------+-------+-------+-------+-------++-------
Melee: Hand axe          |    92 |   119 |   310 |   241 |       |       ||   762
       Headbutt          |     8 |    29 |    70 |   161 |   356 |   204 ||   828
       Broad axe         |       |       |       |   327 |  1221 |   747 ||  2295
 Fire: Hunting sling     |       |       |    56 |       |     7 |       ||    63
Throw: Boomerang         |       |       |     4 |     1 |       |       ||     5
Invok: Berserk           |     3 |     2 |     3 |     8 |     5 |     4 ||    25
       Trog's Hand       |       |     1 |     1 |     2 |     1 |     5 ||    10
       Brothers in Arms  |       |       |       |     5 |     5 |     7 ||    17
  Use: Scroll            |       |       |       |    18 |    18 |    10 ||    46
       Potion            |       |       |       |     1 |     1 |     8 ||    10
 Stab: Distracted        |       |       |       |     2 |     3 |     3 ||     8
       Sleeping          |       |       |       |       |     4 |     6 ||    10
       Confused          |       |       |       |       |     3 |       ||     3
       Invisible         |       |       |       |       |       |     4 ||     4
  Eat: Chunk             |     3 |     9 |    11 |    32 |    36 |    19 ||   110
       Ration            |       |       |     1 |       |     2 |     1 ||     4
Armor: Animal skin       |    27 |     9 |       |       |       |       ||    36
       Chain mail        |       |    32 |    72 |       |       |       ||   104
       Skin              |       |     7 |       |       |       |       ||     7
       Ring mail         |       |       |    18 |    78 |    82 |    16 ||   194
       Plate armour      |       |       |       |       |   155 |    83 ||   238
Dodge: Dodged            |    62 |    26 |    58 |   150 |   377 |   181 ||   854
Block: Large shield      |       |    52 |   277 |   448 |  1057 |   648 ||  2482

Table legend:
 A = Non-vault XP
 B = Vault XP
 C = Vault XP percentage of total XP
 D = Non-vault monster count
 E = Vault monster count
 F = Vault count percentage of total count
                 A         B        C        D         E       F
            +---------+---------+-------+---------+---------+-------
      Total |  170482 |  164820 |  49.2 |     727 |     321 |  30.6
            +---------+---------+-------+---------+---------+-------
        D:1 |      36 |       0 |   0.0 |      22 |       0 |   0.0
        D:2 |      66 |       0 |   0.0 |      15 |       0 |   0.0
        D:3 |     102 |      40 |  28.2 |      13 |       1 |   7.1
        D:4 |     300 |       0 |   0.0 |       9 |       0 |   0.0
        D:5 |     760 |     123 |  13.9 |      15 |       2 |  11.8
        D:6 |     478 |       0 |   0.0 |      15 |       0 |   0.0
        D:7 |    1244 |     857 |  40.8 |      30 |      10 |  25.0
        D:8 |    1775 |       0 |   0.0 |      33 |       0 |   0.0
        D:9 |    1389 |      97 |   6.5 |      26 |       1 |   3.7
       D:10 |    2250 |    1421 |  38.7 |      19 |       2 |   9.5
       D:11 |    2678 |       0 |   0.0 |      31 |       0 |   0.0
       D:12 |    6441 |     519 |   7.5 |      39 |       9 |  18.8
       D:13 |    8639 |     567 |   6.2 |      53 |       5 |   8.6
       D:14 |    5137 |    3549 |  40.9 |      23 |       7 |  23.3
     Lair:1 |    6912 |    1092 |  13.6 |      29 |      16 |  35.6
     Lair:2 |    5984 |    5257 |  46.8 |      17 |      11 |  39.3
     Lair:3 |    5843 |     160 |   2.7 |      25 |       1 |   3.8
     Lair:4 |    4436 |       0 |   0.0 |      18 |       0 |   0.0
     Lair:5 |    5333 |     306 |   5.4 |      14 |       8 |  36.4
     Lair:6 |   12301 |    2959 |  19.4 |      28 |       5 |  15.2
    Swamp:1 |   16322 |    1781 |   9.8 |      35 |       1 |   2.8
    Swamp:2 |   11317 |       0 |   0.0 |      36 |       0 |   0.0
    Swamp:3 |    3484 |    2036 |  36.9 |       8 |       1 |  11.1
    Swamp:4 |   12393 |   19603 |  61.3 |      33 |      31 |  48.4
    Snake:1 |   13414 |    1926 |  12.6 |      23 |       1 |   4.2
    Snake:2 |    1691 |    3446 |  67.1 |       5 |       5 |  50.0
      Orc:1 |     857 |       0 |   0.0 |      11 |       0 |   0.0
      Orc:2 |    4026 |   13072 |  76.5 |      43 |      59 |  57.8
      Elf:1 |   14807 |   11474 |  43.7 |      24 |      22 |  47.8
      Elf:2 |   14138 |   24027 |  63.0 |      23 |      30 |  56.6
      Elf:3 |    5929 |   28839 |  82.9 |      12 |      26 |  68.4
    Volcano |       0 |    6687 | 100.0 |       0 |      13 | 100.0
 Desolation |       0 |   34982 | 100.0 |       0 |      54 | 100.0
            +---------+---------+-------+---------+---------+-------
